 Dungeon Crawl Stone Soup version 0.26-a0-651-gb41185065b (webtiles) character file.

Game seed: 14363378646016440543

6933 loralnil the Geomancer (level 11, 0/54 HPs)
             Began as a Gargoyle Earth Elementalist on Oct 17, 2020.
             Was a Believer of Qazlal.
             Slain by a yak (12 damage)
             ... on level 10 of the Dungeon.
             The game lasted 00:22:07 (12436 turns).

loralnil the Geomancer (GrEE)                      Turns: 12436, Time: 00:22:07

Health: 0/54       AC: 11    Str: 11    XL:     11   Next: 7%
Magic:  0/20       EV: 14    Int: 20    God:    Qazlal [**....]
Gold:   667        SH:  3    Dex: 10    Spells: 8/23 levels left

rFire    + . .     SeeInvis .   B - +1 whip (flame)
rCold    + . .     Faith    .   (no shield)
rNeg     + . .     Spirit   .   G - +1 robe {rC+ rF+}
rPois    ∞         Reflect  .   (no helmet)
rElec    +         Harm     .   F - scarf {+Inv}
rCorr    +         Rampage  .   (no gloves)
MR       +....                  (no boots)
Stlth    +++.......             (no amulet)
HPRegen  0.18/turn              w - ring of resist corrosion
MPRegen  0.17/turn              E - ring of protection from magic

@: no status effects
A: negative energy resistance 1, electricity resistance, unbreathing,
petrification resistance, rot immunity, AC +8
a: Upheaval, Renounce Religion, Evoke Invisibility


You were on level 10 of the Dungeon.
You worshipped Qazlal.
Qazlal was pleased with you.
You visited 2 branches of the dungeon, and saw 11 of its levels.

You collected 667 gold pieces.

Inventory:

Hand Weapons
 B - a +1 whip of flaming (weapon)
Missiles
 b - 69 stones (quivered)
Armour
 F - a scarf of invisibility (worn)
 G - a +1 robe of resistance (worn)
Magical Staves
 A - an uncursed staff of air
Jewellery
 w - a ring of resist corrosion (left hand)
 E - a ring of protection from magic (right hand)
Wands
 c - a wand of flame (14)
 u - a wand of random effects (20)
 v - a wand of digging (3)
 y - a wand of acid (18)
 C - a wand of disintegration (36)
Scrolls
 a - 7 scrolls of remove curse {unknown}
 f - 4 scrolls of fog
 h - 3 scrolls of teleportation {unknown}
 i - a scroll of random uselessness {unknown}
 j - 2 scrolls of blinking {unknown}
 l - 3 scrolls of enchant armour {unknown}
 o - 5 scrolls of amnesia
 q - a scroll of noise {unknown}
 s - 2 scrolls of fear {unknown}
 z - a scroll of immolation {unknown}
 D - 2 scrolls of enchant weapon {unknown}
 H - a scroll of identify
Potions
 d - 4 potions of stabbing
 e - 2 potions of heal wounds
 g - 2 potions of magic
 k - a potion of berserk rage
 m - a potion of cancellation
 n - 3 potions of lignification
 p - 3 potions of flight
 r - 2 potions of resistance
 t - 2 potions of might
 x - a potion of invisibility
 I - a potion of mutation {unknown}


   Skills:
 + Level 6.1 Maces & Flails
 + Level 5.8 Dodging
 + Level 8.3 Stealth
 + Level 6.5 Spellcasting
 - Level 3.0 Conjurations
 + Level 4.4 Transmutations
 + Level 8.9 Earth Magic
 + Level 4.3 Invocations


You had 8 spell levels left.
You knew the following spells:

 Your Spells              Type           Power        Failure   Level
a - Sandblast             Erth           #####.       1%          1
b - Passwall              Tmut/Erth      ####....     1%          2
c - Stone Arrow           Conj/Erth      ####..       2%          3
d - Lee's Rapid Deconstr  Erth           #####.....   7%          5
e - Petrify               Tmut/Erth      ####....     6%          4

Your spell library contained the following spells:

 Spells                   Type           Power        Failure   Level


Dungeon Overview and Level Annotations

Branches:
Dungeon (10/15)            Temple (1/1) D:6
   Lair: D:8-11         Orc: D:9-12

Altars:
Dithmenos
Gozag
Hepliaklqana
Kikubaaqudgha
Makhleb
Nemelex Xobeh
Qazlal
Sif Muna
Trog
Vehumet
Xom
Zin
The Shining One

Shops:
D:8 (

Annotations:
D:4 1 runed translucent door
D:8 1 runed translucent door, EnegeticOcto's ghost, novice DDFi
D:9 1 runed translucent door, rigao's ghost, novice DEIE


Innate Abilities, Weirdness & Mutations

You are resistant to torment.
Your stone body is resilient. (AC +8)
You are immune to poison.
You resist negative energy. (rN+)
You are resistant to electric shocks. (rElec)
You can survive without breathing.
You are immune to petrification.
You are immune to rotting.


Message History

The yak gores you but does no damage.
You hit the yak. You burn the yak.
The yak is moderately wounded.
The yak gores you.
You hit the yak but do no damage.
The yak is moderately wounded.
Casting: Sandblast (safe; 1% risk of failure)
Confirm with . or Enter, or press ? or * to list all spells.
Aiming: Sandblast (safe; 1% risk of failure)
Press: ? - help, Shift-Dir - straight line, f - yak
Aim: a yak (moderately wounded)
The blast of sand hits the yak!!
The yak is almost dead.
b - 69 stones The yak gores you!
* * * LOW HITPOINT WARNING * * *
You hit the yak but do no damage.
The yak is almost dead.
The yak gores you!
You die...

###############
#........YYY@.#
#.#####.#.###.#
#.#.###.#
#.#..##.#
#.##.##.#
#.##.##.#
#.......#
####.#### #.#


You could see 3 yaks.

Vanquished Creatures
  A two-headed ogre (D:8)
  Pikel (D:9)
  A manticore (D:10)
  Maggie (D:9)
  Prince Ribbit (D:8)
  3 hippogriffs
  A wyvern (D:7)
  3 yaks (D:10)
  2 black bears (D:9)
  7 ogres
  3 orc warriors
  A sky beast (D:5)
  3 centaurs
  2 phantoms
  A lemure (D:9)
  2 big kobolds
  7 bullfrogs
  3 scorpions
  7 wights
  2 howler monkeys (D:8)
  A bullfrog zombie (D:9)
  A quasit (D:8)
  A hound (D:9)
  3 jellies
  8 orc wizards
  A centaur skeleton (D:8)
  7 orc priests
  A bullfrog skeleton (D:4)
  5 iguanas
  4 worker ants
  A hound skeleton (D:4)
  A worker ant zombie (D:5)
  3 gnolls (D:7)
  6 adders
  4 shadow imps
  A white imp (D:7)
  3 oozes
  An adder zombie (D:9)
  An adder skeleton (D:4)
  2 worms (D:3)
  2 dart slugs
  2 leopard geckos (D:1)
  42 orcs
  5 giant cockroaches
  6 hobgoblins
  5 jackals (D:4)
  4 quokkas
  A ball python (D:3)
  16 bats
  7 frilled lizards
  11 goblins
  12 kobolds
  A leopard gecko skeleton (D:4)
  A quokka skeleton (D:5)
  A quokka zombie (D:9)
  11 rats
234 creatures vanquished.

Notes
Turn   | Place    | Note
-------+----------+-------------------------------------------
     0 | D:1      | loralnil the Gargoyle Earth Elementalist began the quest
                  | for the Orb.
     0 | D:1      | Reached XP level 1. HP: 10/10 MP: 3/3
     7 | D:1      | You fall into a shaft and drop 1 floor!
   208 | D:2      | Reached XP level 2. HP: 15/15 MP: 1/5
   665 | D:1      | Reached XP level 3. HP: 14/19 MP: 0/6
   669 | D:1      | Learned a level 2 spell: Passwall
   673 | D:1      | Learned a level 3 spell: Stone Arrow
  1723 | D:2      | Reached XP level 4. HP: 24/24 MP: 5/7
  2121 | D:2      | Found an opulent altar of Gozag.
  2359 | D:3      | Reached skill level 1 in Conjurations
  2359 | D:3      | Reached XP level 5. HP: 10/28 MP: 1/9
  3055 | D:3      | Found a shimmering altar of Xom.
  3332 | D:4      | Reached XP level 6. HP: 32/32 MP: 4/10
  3399 | D:4      | Reached skill level 1 in Maces & Flails
  3467 | D:4      | Reached skill level 5 in Earth Magic
  3795 | D:4      | Reached XP level 7. HP: 27/36 MP: 4/12
  4256 | D:4      | Found a glowing silver altar of Zin.
  4256 | D:4      | Found a runed translucent door.
  4256 | D:4      | Noticed an angel
  4535 | D:5      | Entered Level 5 of the Dungeon
  4636 | D:5      | You fall into a shaft and drop 1 floor!
  4665 | D:6      | Found a staircase to the Ecumenical Temple.
  4767 | Temple   | Entered the Ecumenical Temple
  4807 | Temple   | Became a worshipper of Qazlal Stormbringer
  5244 | D:6      | Reached skill level 5 in Stealth
  5244 | D:6      | Reached XP level 8. HP: 23/41 MP: 9/13
  5742 | D:5      | Found a burning altar of Makhleb.
  6041 | D:5      | Learned a level 5 spell: Lee's Rapid Deconstruction
  6046 | D:5      | Learned a level 4 spell: Petrify
  6195 | D:5      | Found a radiant altar of Vehumet.
  6198 | D:5      | Found a bloodstained altar of Trog.
  6200 | D:5      | Found a sparkling altar of Nemelex Xobeh.
  6284 | D:5      | Reached skill level 1 in Transmutations
  6451 | D:5      | Found an ancient bone altar of Kikubaaqudgha.
  6608 | D:5      | Found a shimmering blue altar of Sif Muna.
  7725 | D:7      | Reached XP level 9. HP: 45/45 MP: 2/16
  8132 | D:7      | Found a shadowy altar of Dithmenos.
  8667 | D:8      | Found Wiuriwuc's Weapon Shoppe.
  8681 | D:7      | Reached skill level 5 in Spellcasting
  8968 | D:7      | Reached * piety under Qazlal
  9462 | D:8      | Reached skill level 1 in Invocations
  9511 | D:8      | Noticed Prince Ribbit
  9532 | D:8      | Killed Prince Ribbit
  9641 | D:8      | Noticed a two-headed ogre
  9692 | D:8      | Killed a two-headed ogre
  9692 | D:8      | Reached skill level 5 in Maces & Flails
  9692 | D:8      | Reached skill level 5 in Dodging
  9692 | D:8      | Reached XP level 10. HP: 38/50 MP: 0/18
  9862 | D:8      | Found a runed translucent door.
  9862 | D:8      | Noticed EnegeticOcto's ghost (novice DDFi)
  9862 | D:8      | Noticed a +2 trident of chaos
  9863 | D:8      | Found a shimmering altar of Xom.
  9865 | D:8      | You fall into a shaft and drop 1 floor!
  9967 | D:9      | Noticed Pikel
  9997 | D:9      | Killed Pikel
 10384 | D:9      | Noticed Maggie
 11059 | D:9      | Found a runed translucent door.
 11059 | D:9      | Noticed rigao's ghost (novice DEIE)
 11089 | D:9      | Reached ** piety under Qazlal
 11426 | D:9      | Killed Maggie
 11538 | D:9      | HP: 2/50 [orc priest/divine providence (17)]
 12140 | D:10     | Entered Level 10 of the Dungeon
 12140 | D:10     | Noticed a manticore
 12148 | D:10     | Killed a manticore
 12333 | D:10     | Reached XP level 11. HP: 54/54 MP: 10/20
 12436 | D:10     | Slain by a yak

Illustrated notes

Levels and vault maps discovered:
D:1:      wander_arrival_peaceful_grave, layout_rooms
D:2:      layout_loops_corners, nrook_loot_triangle, chequers_decorated_corner,
          lemuel_statue_altar
D:3:      layout_rooms, overflow_temple_1_default, minmay_pentangle
D:4:      layout_cave_pods, minmay_misc_feat_secret_circle, lemuel_angel_altar
D:5:      layout_basic, nicolae_overflow_hidden_temple, lemuel_doored_altar,
          led_sif_book
D:6:      minmay_klotski, layout_basic, minmay_temple_entry_waves,
          serial_rivers, chequers_serial_rivers_small_3,
          chequers_serial_rivers_micro_b, chequers_serial_rivers_micro_d,
          chequers_serial_rivers_micro_e, chequers_serial_rivers_micro_b
D:7:      layout_cave_pools, grunt_dithmenos_smoke
D:8:      layout_cave_pools, ebering_ghost_xom, serial_shops, shop,
          uniq_prince_ribbit1
D:9:      layout_basic, ebering_ghost_reflecting_pool, uniq_pikel, uniq_maggie
D:10:     layout_loops_cross, uniq_nergalle, uniq_sonja
Temple:   minmay_temple_curvy_branch

Skill      XL: |  1  2  3  4  5  6  7  8  9 10 |
---------------+-------------------------------+-----
Earth Magic    | 4 5 6 8 |  8.9
Dodging        | 2 3 4 5 |  5.8
Stealth        | 3 4 5 6 7 8 |  8.3
Conjurations   | 1 2 3 |  3.0
Spellcasting   | 3 4 5 6 |  6.5
Maces & Flails | 1 2 3 5 6 |  6.1
Transmutations | 1 3 4 |  4.4
Invocations    | 2 4 |  4.3

Action                   |  1- 3 |  4- 6 |  7- 9 | 10-12 || total
-------------------------+-------+-------+-------+-------++-------
Melee: Unarmed           |    47 |    19 |       |       ||    66
       Flail             |       |    63 |    38 |       ||   101
       Whip              |       |       |    40 |   148 ||   188
Throw: Stone             |       |       |     1 |       ||     1
 Cast: Sandblast         |    49 |    65 |    44 |    52 ||   210
       Stone Arrow       |       |     3 |    99 |    73 ||   175
       Petrify           |       |       |     3 |       ||     3
  Use: Scroll            |       |     6 |     5 |     1 ||    12
       Potion            |       |     1 |       |     2 ||     3
 Stab: Sleeping          |     1 |     4 |     2 |       ||     7
       Petrified         |       |       |     4 |       ||     4
Armor: Robe              |    40 |    60 |    51 |    71 ||   222
Dodge: Dodged            |    65 |    95 |    72 |   110 ||   342
Block: Other             |       |       |       |    21 ||    21

Table legend: (Time is in decaauts)
 A = Elapsed time spent in this place.
 B = Non-inter-level travel time spent in this place.
 C = Inter-level travel time spent in this place.
 D = Time resting spent in this place.
 E = Time spent auto-exploring this place.
 F = Levels seen in this place.
 G = Mean time per level.
                   A        B        C        D        E       F      G
               +--------+--------+--------+--------+--------+-----+--------+
         Total |  12449 |  12150 |    299 |   1171 |   9238 |  11 | 1131.7 |
       Dungeon |  12354 |  12055 |    299 |   1171 |   9168 |  10 | 1235.4 |
        Temple |     94 |     94 |      0 |      0 |     70 |   1 |   94.0 |
               +--------+--------+--------+--------+--------+-----+--------+

Top non-repeatable levels by time:
     D:6: 1858 daAuts
     D:9: 1736 daAuts
     D:2: 1458 daAuts
     D:7: 1385 daAuts
     D:4: 1364 daAuts
     D:5: 1284 daAuts
     D:8: 1234 daAuts
     D:3: 993 daAuts
     D:1: 744 daAuts
    D:10: 293 daAuts
  Temple: 94 daAuts
